 Dungeon Sprint DCSS version 0.18-a0-1243-g9e52518 (webtiles) character file.

291 nuthulu the Skirmisher (level 6, -1/44 HPs)
             Began as a Gargoyle Fighter on Feb 5, 2016.
             Slain by a yak (8 damage)
             ... in the Dungeon (Sprint I: "Red Sonja").
             The game lasted 00:00:45 (189 turns).

nuthulu the Skirmisher (Gargoyle Fighter)            Turns: 189, Time: 00:00:45

Health: -1/44      AC: 12    Str: 20    XL:     6   Next: 32%
Magic:  6/6        EV:  8    Int:  8    God:
Gold:   167        SH: 11    Dex: 11    Spells: 0 memorised, 5 levels left

rFire  . . .     SeeInvis .     a - +0 flail
rCold  . . .     Gourm    .     b - +0 scale mail
rNeg   + . .     Faith    .     c - +0 shield
rPois  ∞         Spirit   .     (no helmet)
rElec  +         Dismiss  .     (no cloak)
rCorr  .         Reflect  .     (no gloves)
SustAt .         Harm     .     (no boots)
MR     .....     NoTele   +     (no amulet)
Stlth  ..........               (no ring)
                                (no ring)

@: not resistant to hostile enchantments, extremely unstealthy
A: negative energy resistance 1, electricity resistance, unbreathing,
petrification resistance, rot immunity, AC +4
a: no special abilities


You were in the Dungeon.
You were not hungry.

You visited 1 branch You collected 167 gold pieces.

Inventory:

Hand Weapons
 a - a +0 flail (weapon)
Armour
 b - a +0 scale mail (worn)
 c - a +0 shield (worn)
Scrolls
 k - a scroll of blinking
Potions
 e - a potion of curing
 h - a potion of haste
 i - 2 potions of magic
Comestibles
 d - 6 chunks of flesh
 f - a bread ration


   Skills:
 + Level 7.8 Fighting
 + Level 6.6 Maces & Flails
 + Level 7.7 Armour
 + Level 7.7 Shields


You had 5 spell levels left.
You didn't know any spells.

Dungeon Overview and Level Annotations

Branches:
Dungeon (1/1)

Altars:
Elyvilon
Gozag
Kikubaaqudgha
Makhleb
Nemelex Xobeh
Pakellas
Qazlal
Ru
Sif Muna
Vehumet
Xom
Yredelemnul
Zin
The Shining One

Shops:
D [


Innate Abilities, Weirdness & Mutations

You are resistant to torment.
Your stone body is resilient (AC +4).
You are immune to poison.
You resist negative energy.
You are resistant to electric shocks.
You can survive without breathing.
You are immune to petrification.
You are immune to rotting.


Message History

You feel much better. The yak gores you.
You hit the yak but do no damage.
The yak is moderately wounded.
The yak barely misses you.
You hit the yak.
The yak is moderately wounded.
The yak gores you.
You closely miss the yak.
The yak is moderately wounded.
The yak gores you!
* * * LOW HITPOINT WARNING * * *
You block the yak's attack.
You thump the yak!
The yak is heavily wounded.
The yak gores you.
* * * LOW HITPOINT WARNING * * *
You hit the yak.
The yak is heavily wounded.
The yak gores you!
You die...

################
#<.#..)..#..'..#
#..').#..').#..+
#..#####'#####'#
#..# #..# #.#
#..#__#### ##(#
#..#_.___##+#..+
#⌠⌠#_.∩...Y@.._#
####_..._##_.#+#
___ ##+# #


You could see a yak.

Vanquished Creatures
  Sigmund (D)
  An ogre (D)
  A jelly (D)
  Ijyb (D)
4 creatures vanquished.

Notes
Turn   | Place    | Note
--------------------------------------------------------------
     0 | D        | nuthulu the Gargoyle Fighter began the quest for the Orb.
     0 | D        | Reached XP level 1. HP: 14/14 MP: 1/1
     2 | D        | Noticed Ijyb
    25 | D        | Killed Ijyb
    25 | D        | Reached skill level 4 in Fighting
    25 | D        | Reached XP level 2. HP: 17/20 MP: 2/2
    71 | D        | Noticed an ogre
    74 | D        | Killed an ogre
    74 | D        | Reached skill level 6 in Fighting
    74 | D        | Reached skill level 5 in Armour
    74 | D        | Reached skill level 5 in Shields
    74 | D        | Reached XP level 3. HP: 24/27 MP: 3/3
    74 | D        | Reached XP level 4. HP: 28/32 MP: 4/4
   113 | D        | Noticed Sigmund
   121 | D        | Killed Sigmund
   121 | D        | Reached skill level 7 in Fighting
   121 | D        | Reached XP level 5. HP: 38/38 MP: 5/5
   121 | D        | Reached XP level 6. HP: 44/44 MP: 6/6
   165 | D        | Found a deep blue altar of Sif Muna.
   167 | D        | Found a radiant altar of Vehumet.
   179 | D        | Found Esif's Armour Emporium.
   179 | D        | Found a white marble altar of Elyvilon.
   179 | D        | Found a stormy altar of Qazlal.
   179 | D        | Found a burning altar of Makhleb.
   179 | D        | Found a sacrificial altar of Ru.
   179 | D        | Found an oddly glowing altar of Pakellas.
   179 | D        | Found a basalt altar of Yredelemnul.
   179 | D        | Found a glowing golden altar of the Shining One.
   179 | D        | Found a sparkling altar of Nemelex Xobeh.
   179 | D        | Found a shimmering altar of Xom.
   179 | D        | Found an opulent altar of Gozag.
   179 | D        | Found an ancient bone altar of Kikubaaqudgha.
   179 | D        | Found a glowing silver altar of Zin.
   179 | D        | Noticed a yak
   189 | D        | Slain by a yak

Vault maps used:
D:        dungeon_sprint_1

Action                   |  1- 3 |  4- 6 || total
-------------------------+-------+-------++-------
Melee: Flail             |    25 |    18 ||    43
  Use: Potion            |     1 |     2 ||     3
